 Dungeon Crawl Stone Soup version 0.15-a0-2198-g7f377d1 (webtiles) character file.

4363 Jazzimus the Slicer (level 10, 0/49 HPs)
             Began as a Vine Stalker Berserker on July 23, 2014.
             Was a High Priest of Trog.
             Slain by an unseen horror (5 damage)
             ... on Level 10 of the Dungeon.
             The game lasted 00:41:53 (8399 turns).

Jazzimus the Slicer (Vine Stalker Berserker)        Turns: 8399, Time: 00:41:53

HP   0/49        AC  9     Str 19      XL: 10   Next: 34%
MP   0/11        EV 10     Int 10      God: Trog [*****.]
Gold 582         SH  0     Dex 15      Spells:  0 memorised,  9 levels left

rFire  + . .     SeeInvis .     a - +0 short sword (venom)
rCold  . . .     Clarity  .     g - +1 ring mail
rNeg   . . .     rCorr    .     (no shield)
rPois  .         rRot     +     t - +0 hat
rElec  .         Spirit   +     V - +2 cloak
SustAb .         Warding  .     (no gloves)
rMut   .         Stasis   .     (no boots)
Gourm  +                        e - amulet of the gourmand
MR     +....                    U - +3 ring of slaying
                                q - ring of stealth

@: somewhat resistant to hostile enchantments, stealthy
A: fangs 3, fire resistance 1, frail 1, low mp 1, regeneration 2, magic shield,
antimagic bite, no device heal 3, rot immunity
a: Burn Spellbooks, Berserk, Trog's Hand, Brothers in Arms, Renounce Religion


You were on level 10 of the Dungeon.
You worshipped Trog.
Trog was extremely pleased with you.
You were not hungry.

You visited 1 branch of the dungeon, and saw 10 of its levels.
You also visited: Sewer.

You collected 582 gold pieces.

Inventory:

Hand weapons
 a - a +0 short sword of venom (weapon)
 b - the +8 hunting sling "Patrij" {flame, rF++ rN+}
   (You found it on level 7 of the Dungeon)

   It turns projectiles fired from it into bolts of flame.
   It greatly protects you from fire.
   It protects you from negative energy.
 o - a +0 dagger of freezing
 E - a +0 blowgun
Missiles
 m - 7 javelins (quivered)
 x - 6 sling bullets of flame
 F - 44 poisoned needles
 G - 5 silver javelins
 L - 8 steel sling bullets
 M - 96 sling bullets
 N - 4 steel javelins
Armour
 g - a +1 ring mail (worn)
 t - a +0 hat (worn)
 A - a +0 robe of fire resistance
 V - a +2 cloak (worn)
Magical devices
 u - a wand of disintegration (10)
 y - a wand of flame (11)
 C - a wand of paralysis (6)
 Q - a wand of paralysis (11)
 S - a wand of magic darts (12)
Comestibles
 c - 7 bread rations
 f - 2 slices of pizza
 h - 7 meat rations
 k - 3 beef jerkies
 p - 34 fruits
Scrolls
 i - 4 scrolls of identify
 j - 2 scrolls of enchant armour
 l - a scroll of remove curse
 n - 4 scrolls of enchant weapon
 w - 2 scrolls of magic mapping
 B - 2 scrolls of teleportation
 D - a scroll of fear
 H - a scroll of immolation
 K - a scroll of fog
 T - a scroll of torment {unknown}
Jewellery
 e - an amulet of the gourmand (around neck)
 q - a ring of stealth (left hand)
 v - an uncursed ring of protection from magic
 J - an uncursed ring of poison resistance
 O - an uncursed amulet of stasis
 R - an uncursed amulet of clarity
 U - a +3 ring of slaying (right hand)
Potions
 d - a potion of brilliance
 r - 6 potions of curing
 z - a potion of haste
 P - a potion of agility
Books
 s - a book of Unlife

   Spells                             Type                      Level
   Recall                             Summoning/Translocation      3
   Animate Dead                       Necromancy                   4
   Control Undead                     Necromancy                   4
   Twisted Resurrection               Necromancy                   5
   Death Channel                      Necromancy                   6
   Simulacrum                         Ice/Necromancy               6
   Trog disapproves of the use of such an item.
 I - a book of the Warp

   Spells                             Type                      Level
   Control Teleport                   Charms/Translocation         4
   Phase Shift                        Translocation                5
   Warp Weapon                        Charms/Translocation         5
   Dispersal                          Translocation                6
   Controlled Blink                   Translocation                7
   Disjunction                        Translocation                8
   Trog disapproves of the use of such an item.


   Skills:
 - Level 7.1 Fighting
 * Level 11.2 Short Blades
 - Level 1.5 Armour
 - Level 1.5 Dodging
 + Level 5.9 Stealth


You had 9 spell levels left.
You didn't know any spells.

Dungeon Overview and Level Annotations

Branches:
Dungeon (10/15)            Temple (0/1) D:6
    Orc: D:9-12        Lair: D:8-11

Altars:
Cheibriados
Elyvilon
Qazlal
Sif Muna
Vehumet
Xom

Shops:
D:9 ?


Innate Abilities, Weirdness & Mutations

You have razor-sharp teeth.
You heal very quickly.
When hurt, damage is shared between your health and your magic reserves.
Your bite disrupts and absorbs the magic of your enemies.
Potions and wands cannot restore your health.
You are immune to rotting.
Your flesh is heat resistant.
You are frail (-10% HP).
Your magical capacity is low (-10% MP).


Message History

A hippogriff comes into view.
Something hits you but does no damage.
Found 24 arrows.
Something hits you but does no damage. Something hits you but does no damage.
Something hits you!
Found a stone staircase leading down.
You see here a potion of restore abilities.
Something hits you but does no damage. Something hits you but does no damage.
Something hits you! x2
* * * LOW HITPOINT WARNING * * *
Found a sack of spiders.
Something hits you.
* * * LOW HITPOINT WARNING * * *
A scorpion comes into view.
You found a teleport trap!
Something hits you but does no damage.
Found 2 potions of heal wounds.
Something hits you!
You die...

..........##
...........#
#......!..#
##....H...#
##..(....#
##......###
#..#......##
#..######...####
#..# #@......# .
#...>..}...
#s.......###
#..^.....##
#.......###
#!......##
.....!.. .......
...


You could see a scorpion (wandering).

Vanquished Creatures
  Maurice (D:9)
  The ghost of Jazzimus the Skirmisher, an experienced VSBe of Trog (D:5)
  Eustachio (D:7)
  A hill giant skeleton (D:9)
  A hungry ghost (D:7)
  3 sky beasts
  3 phantoms
  2 centaurs
  2 ogres
  An orc warrior (D:7)
  3 ice beasts
  A necrophage (D:6)
  Duvessa (D:7)
  A giant frog (D:8)
  A gnoll sergeant (D:8)
  5 scorpions
  3 killer bees (D:7)
  A yak skeleton (D:7)
  A goliath beetle (D:7)
  2 orc priests
  Dowan (D:7)
  3 crimson imps
  7 hounds
  A black bear zombie (D:7)
  6 orc wizards
  3 jellies
  A giant frog skeleton (D:5)
  2 iguanas
  9 worker ants
  An ogre zombie (D:6)
  Jessica (D:2)
  10 adders
  A gnoll zombie (D:8)
  4 gnolls (D:8)
  2 shadow imps
  2 giant mites (D:6)
  A white imp (D:7)
  A worm (D:5)
  4 giant geckos
  23 orcs
  10 bats
  A bat skeleton (D:5)
  9 giant cockroaches
  15 goblins
  16 hobgoblins
  25 jackals
  2 oozes
  7 quokkas
  5 ball pythons
  12 giant newts
  2 giant spores
  A hobgoblin skeleton (D:4)
  24 kobolds
  An orc zombie (D:5)
  20 rats
  3 ballistomycetes
  4 plants (Sewer)
275 creatures vanquished.

Vanquished Creatures (others)
  A plant (Sewer)
1 creature vanquished.

Grand Total: 276 creatures vanquished

Notes
Turn   | Place    | Note
--------------------------------------------------------------
     0 | D:1      | Jazzimus, the Vine Stalker Berserker, began the quest for the Orb.
     0 | D:1      | Reached XP level 1. HP: 11/11 MP: 1/1
   201 | D:1      | Reached skill level 3 in Short Blades
   201 | D:1      | Reached XP level 2. HP: 14/16 MP: 0/3
   338 | D:1      | Acquired Trog's second power
   617 | D:2      | Reached XP level 3. HP: 20/20 MP: 4/4
   800 | D:2      | Reached XP level 4. HP: 21/24 MP: 5/5
  1026 | D:2      | Noticed Jessica
  1038 | D:2      | Killed Jessica
  1038 | D:2      | Reached skill level 4 in Short Blades
  1612 | D:3      | Reached XP level 5. HP: 27/29 MP: 7/7
  1949 | D:4      | Gained mutation: You heal very quickly. [vine stalker growth]
  1949 | D:4      | Reached XP level 6. HP: 31/34 MP: 8/8
  2082 | D:4      | Reached skill level 5 in Short Blades
  2243 | D:4      | Reached skill level 5 in Fighting
  2246 | D:4      | Acquired Trog's third power
  2286 | D:4      | Reached XP level 7. HP: 15/39 MP: 7/9
  2894 | D:5      | Entered Level 5 of the Dungeon
  2956 | D:5      | Reached skill level 6 in Fighting
  3042 | D:5      | Noticed Jazzimus' ghost (experienced VSBe)
  3045 | D:5      | Found a white marble altar of Elyvilon.
  3053 | D:5      | Killed Jazzimus' ghost
  3053 | D:5      | Gained mutation: You have razor-sharp teeth. [vine stalker growth]
  3053 | D:5      | Reached XP level 8. HP: 45/45 MP: 11/11
  3388 | D:5      | Reached skill level 7 in Fighting
  4040 | D:6      | Reached skill level 8 in Short Blades
  4041 | D:6      | Found a radiant altar of Vehumet.
  4067 | D:6      | Reached XP level 9. HP: 38/50 MP: 12/12
  4117 | D:6      | Found a glowing drain.
  4150 | Sewer    | Entered a sewer
  4714 | Sewer    | Received a gift from Trog
  5043 | D:6      | Found a staircase to the Ecumenical Temple.
  5148 | D:6      | Reached skill level 9 in Short Blades
  5155 | D:6      | Found a stormy altar of Qazlal.
  5155 | D:6      | Found a snail-covered altar of Cheibriados.
  5399 | D:7      | Reached skill level 1 in Stealth
  5705 | D:7      | Noticed Eustachio
  5730 | D:7      | Killed Eustachio
  5823 | D:7      | Reached skill level 10 in Short Blades
  6034 | D:7      | Got a crystal hunting sling
  6035 | D:7      | Identified the +8 hunting sling "Patrij" {flame, rF++ rN+} (You found it on level 7 of the Dungeon)
  6650 | D:7      | Noticed Duvessa
  6650 | D:7      | Noticed Dowan
  6651 | D:7      | Killed Dowan
  6656 | D:7      | Killed Duvessa
  6757 | D:7      | Received a gift from Trog
  6856 | D:7      | Found a white marble altar of Elyvilon.
  6856 | D:7      | Found a shimmering altar of Xom.
  6959 | D:8      | Reached XP level 10. HP: 53/55 MP: 13/13
  7201 | D:8      | Reached skill level 5 in Stealth
  7824 | D:9      | Noticed Maurice
  7835 | D:9      | Killed Maurice
  7835 | D:9      | Reached skill level 11 in Short Blades
  8088 | D:9      | Gained mutation: Your flesh is heat resistant. [mutagenic meat]
  8101 | D:9      | Found Loapror's Magic Scroll Boutique.
  8141 | D:9      | Gained mutation: You are frail (-10% HP). [mutagenic meat]
  8142 | D:9      | Gained mutation: Your magical capacity is low (-10% MP). [mutagenic meat]
  8330 | D:10     | Entered Level 10 of the Dungeon
  8343 | D:10     | Noticed a hill giant
  8386 | D:10     | Found a deep blue altar of Sif Muna.
  8399 | D:10     | Slain by an unseen horror

Action                   |  1- 3 |  4- 6 |  7- 9 | 10-12 || total
-------------------------+-------+-------+-------+-------++-------
Melee: Short sword       |    91 |   188 |   487 |    98 ||   864
       Unarmed           |       |       |    47 |       ||    47
Throw: Javelin           |       |       |     7 |     3 ||    10
Invok: Berserk           |       |       |     2 |     1 ||     3
Evoke: Wand              |       |     1 |     1 |     9 ||    11
  Use: Potion            |     1 |     1 |     4 |     2 ||     8
       Scroll            |     1 |     6 |     7 |     5 ||    19
 Stab: Sleeping          |       |     1 |     6 |     3 ||    10
       Distracted        |       |       |     1 |       ||     1
       Paralysed         |       |       |       |     1 ||     1
  Eat: Chunk             |     9 |     4 |    17 |     7 ||    37
